Cogmind - Beta 10.2 *** ADVENTURER MODE // 2021.05.06 @ 21:25:05 Player: Catalyst Result: Destroyed by G-67 Veteran with Plasma Rifle Performance ------------- Evolutions (6) 3000 Regions Visited (12) 2400 Robots Destroyed (128) 640 Value Destroyed (5817) 5817 Prototype IDs (15) 300 Alien Tech Used (0) 0 Bonus (1717) 1717 TOTAL SCORE: 13874 Bonus ------- Pacifist 200 High Alert Combat Kills 184 Follower Combat Kills 159 Met Warlord at Base 500 MAIN.C Attacked Warlord 500 Warlord Defense Kill 174 Cogmind --------- Core Integrity 0/1150 Matter 205/300 Energy 25/100 System Corruption 10% Temperature Cool (0) Movement Flying (37) Location -4/Factory Parts ------- > --- POWER (1) -------- (None) > --- PROPULSION (5) --- Impulse Thruster Impulse Thruster > --- UTILITY (7) ------ Enhanced Optical Array Experimental Signal Interpreter Improved Core Analyzer > --- WEAPON (6) ------- (None) > --- INVENTORY (4) ---- Drone Bay (2/2) Mini Drone Bay (2/3) Improved Proton Missile Launcher Improved Proton Missile Launcher Peak State ------------ > --- POWER ------------ Antimatter Reactor > --- PROPULSION ------- Enhanced Flexi-carbon Leg Enhanced Flexi-carbon Leg Myomer Leg Myomer Leg Myomer Leg > --- UTILITY ---------- Advanced Heat Sink Advanced Heat Sink Humpback Core Analyzer Improved Core Analyzer Advanced Shield Generator > --- WEAPON ----------- Improved Arc Projector Improved Arc Projector Improved Arc Projector Improved Arc Projector Wave Gun Dirty Datajack > --- INVENTORY -------- Flexi-carbon Leg Enhanced Flexi-carbon Leg Myomer Leg Enhanced Optical Array Advanced Field Recycling Unit Drone Bay Drone Bay Mini Drone Bay High-powered Shock Rifle Tesla Rifle Wave Gun Wave Gun Wave Gun Wave Gun Vortex Rifle Vortex Rifle Coil Gun Mass Driver Long-range Missile Launcher Katana Katana Falx Falx Falx [Rating: 119] Favorites ----------- Power Light Nuclear Core Engine Light Ion Engine Power Core Light Nuclear Core Reactor Antimatter Reactor Propulsion Enhanced Flexi-carbon Leg Treads Heavy Treads Leg Enhanced Flexi-carbon Leg Wheel Armored Huge Wheel Flight Unit Impulse Thruster Utility Humpback Device Advanced Shield Generator Storage Humpback Processor Core Analyzer Protection Hardened Medium Armor Plating Weapon Katana Energy Gun Vortex Rifle Energy Cannon Disruptor Cannon Ballistic Gun Minigun Launcher Long-range Missile Launcher Slashing Weapon Katana Special Melee Weapon Dirty Datajack Build | -11 -10 -9 -8 -7 -6 -6 -6 -5 -5 -5 -4 -4 ------- Run | Scr Mat Mat Mat Fac Fac Low Low Fac Upp War Pro Fac Slots Evolved 12 | . . 2 2 2 2 . . 2 . . . 2 Power . | . . . . . . . . . . . . . Propulsion 3 | . . . 2 1 . . . . . . . . Utility 5 | . . 2 . . . . . 2 . . . 1 Weapon 4 | . . . . 1 2 . . . . . . 1 Parts Attached 175 | . 2 28 16 9 2 1 3 26 . 18 4 66 Power 13 | . . 1 2 1 1 . . 3 . . . 5 Engine 6 | . . 1 2 . 1 . . 2 . . . . Core 4 | . . . . 1 . . . 1 . . . 2 Reactor 3 | . . . . . . . . . . . . 3 Propulsion 55 | . . 5 8 7 . 1 . 10 . 3 1 20 Treads 1 | . . . . . . . . . . . . 1 Leg 49 | . . 5 8 5 . 1 . 10 . 3 1 16 Wheel 2 | . . . . 2 . . . . . . . . Hover . | . . . . . . . . . . . . . Flight 3 | . . . . . . . . . . . . 3 Utility 49 | . . 13 3 . . . 3 8 . 2 2 18 Device 21 | . . 4 1 . . . 1 3 . . 2 10 Storage 5 | . . 3 . . . . . 1 . 1 . . Processor 8 | . . 1 . . . . 1 2 . 1 . 3 Hackware . | . . . . . . . . . . . . . Protection 15 | . . 5 2 . . . 1 2 . . . 5 Artifact . | . . . . . . . . . . . . . Weapon 58 | . 2 9 3 1 1 . . 5 . 13 1 23 Energy Gun 17 | . . 1 . . . . . . . 5 . 11 Energy Cannon 4 | . . . . . . . . 1 . 1 . 2 Ballistic Gun 9 | . 2 6 . . . . . . . . . 1 Ballistic Cannon . | . . . . . . . . . . . . . Launcher 5 | . . 2 . . . . . . . . 1 2 Special Weapon . | . . . . . . . . . . . . . Impact Weapon . | . . . . . . . . . . . . . Slashing Weapon 19 | . . . 3 1 1 . . 4 . 4 . 6 Piercing Weapon . | . . . . . . . . . . . . . Special Melee Weapon 4 | . . . . . . . . . . 3 . 1 Unidentified Prototypes 6 | . . 2 . . . . . 1 . 2 . 1 Parts Lost 54 | . . 1 . . . . . 6 . 1 2 44 Power 4 | . . . . . . . . 2 . . . 2 Propulsion 14 | . . . . . . . . 2 . . . 12 Utility 16 | . . 1 . . . . . 1 . 1 2 11 Weapon 20 | . . . . . . . . 1 . . . 19 Highest Loss Streak 12 | . . 1 . . . . . 2 . 1 2 12 Average Slot Usage (%) 90 | . 85 97 96 99 93 93 92 89 94 93 92 77 Engine 3 | . 14 11 9 4 4 6 6 3 . . . . Core 2 | . . . . 2 1 . . 1 5 5 5 1 Leg 28 | . 28 22 32 37 33 33 33 28 29 29 29 22 Device 8 | . . 12 9 7 6 6 1 3 11 11 13 8 Storage 6 | . 14 11 9 7 6 6 6 6 5 5 5 2 Processor 9 | . . 3 9 7 6 6 11 11 11 10 7 10 Protection 4 | . . 14 9 7 6 6 5 6 . . . 3 Energy Gun 1 | . . . . . . . . . . 5 1 3 Energy Cannon 2 | . . . . . . . . 3 5 2 5 3 Ballistic Gun 3 | . 28 21 13 . . . . . . . . . Slashing Weapon 15 | . . . 4 23 26 26 26 21 23 18 17 12 Naked Turns . | . . . . . . . . . . . . . Heaviest Build 150 | 9 10 35 41 41 50 50 50 129 110 116 131 150 Greatest Support 134 | 20 20 20 47 77 59 59 59 114 114 96 96 134 Greatest Overweight (x) 2 | . . 1 1 . . . . 2 1 1 1 2 Average Overweight (x) . | . . . . . . . . . . 1 1 . Largest Inventory Capacity 30 | . 6 10 10 10 10 10 10 30 24 24 24 24 Average Capacity 16 | . 6 7 10 10 10 10 10 25 24 23 24 15 Most Carried 30 | . 6 10 10 10 9 10 10 30 24 24 24 24 Average Carried 15 | . 5 7 9 9 8 9 10 18 24 23 24 14 Final Capacity 24 | 6 6 10 10 10 10 10 10 24 24 24 24 4 Final Carried 24 | 6 3 10 10 10 9 10 10 24 24 24 24 4 Class Distribution -------------------- 47% | Scavenger-Mutant 33% | Mutant 17% | Hauler-Mutant Dominant Class ---------------- Mutant | -10/Materials Mutant | -9/Materials Scavenger-Mutant | -8/Materials Mutant | -7/Factory Mutant | -6/Factory Mutant | -6/Lower Caves Mutant | -6/Lower Caves Hauler-Mutant | -5/Factory Scavenger-Mutant | -5/Upper Caves Scavenger-Mutant | -5/Warlord Hauler-Mutant | -4/Proximity Caves Scavenger-Mutant | -4/Factory Resources | -11 -10 -9 -8 -7 -6 -6 -6 -5 -5 -5 -4 -4 ----------- Run | Scr Mat Mat Mat Fac Fac Low Low Fac Upp War Pro Fac Matter Collected 2452 | 200 . 442 453 60 . 80 30 195 50 180 174 588 Remotely . | . . . . . . . . . . . . . Salvage Created 5628 | . . 841 643 116 . 361 95 967 39 97 348 2121 Parts 269 | . . 69 30 9 . 7 5 41 . 3 12 93 Haulers Intercepted 3 | . . 1 1 . . . . 1 . . . . Recyclers Shooed 2 | . . 2 . . . . . . . . . . Parts Field Recycled 8 | . . . . . . . . . . . . 8 Retrieved Matter 93 | . . . . . . . . . . . . 93 Parts Self-Destructed 137 | . . . . . . 10 5 . . 109 13 . Prevented 29 | . . . . . . 2 . . . 26 1 . Kills | -11 -10 -9 -8 -7 -6 -6 -6 -5 -5 -5 -4 -4 ------- Run | Scr Mat Mat Mat Fac Fac Low Low Fac Upp War Pro Fac Combat Hostiles Destroyed 110 | . . 20 9 4 . 5 4 14 . 2 11 41 Melee 57 | . . . 3 4 . 5 4 14 . 2 . 25 Guns 23 | . . 13 6 . . . . . . . 1 3 AOE 29 | . . 7 . . . . . . . . 10 12 Classes Destroyed 13 | . . 8 2 1 . . . 1 . . . 1 Worker 1 | . . 1 . . . . . . . . . . Builder 3 | . . 2 . . . . . . . . . 1 Hauler 3 | . . 1 1 . . . . 1 . . . . Recycler 2 | . . . 1 . . . . 1 . . . . Operator 4 | . . 1 2 . . . . . . . . 1 Watcher 5 | . . 2 1 . . . . . . . . 2 Swarmer 28 | . . 3 . 3 . 1 4 5 . 1 4 7 Grunt 39 | . . 12 4 . . 3 . 4 . . 4 12 Brawler 2 | . . . 1 . . . . . . 1 . . Duelist 3 | . . . . . . . . 3 . . . . Sentry 16 | . . 5 4 . . 1 . 2 . . 1 3 Hunter 13 | . . . . 1 . . . . . . 2 10 Programmer 9 | . . . . . . . . . . . . 9 Best Kill Streak 6 | . . 6 2 3 . 3 4 4 . 2 4 6 Combat Bots Only 5 | . . 4 2 3 . 3 4 4 . 2 4 5 Max Kills in Single Turn 4 | . . 4 1 1 . 1 1 1 . 1 3 2 Gunslinging . | . . . . . . . . . . . . . Exploded 3 | . . 3 . . . . . . . . 3 2 Melee 1 | . . . 1 1 . 1 1 1 . 1 . 1 Uniques/NPCs Destroyed . | . . . . . . . . . . . . . Combat | -11 -10 -9 -8 -7 -6 -6 -6 -5 -5 -5 -4 -4 -------- Run | Scr Mat Mat Mat Fac Fac Low Low Fac Upp War Pro Fac Damage Taken 9045 | . . 399 386 283 . 379 209 807 . 78 732 5772 Core 1559 | . . 83 71 18 . 50 14 42 . . 114 1167 Absorbed by Shields 799 | . . . . . . . . 28 . 30 160 581 Core Remaining (%) 91 | 100 100 79 87 97 . . 92 . . . 84 . Volleys Fired 159 | . . 50 28 . . . . 9 . . 18 54 Largest 5 | . . 2 2 . . . . 1 . . 1 5 Hottest 341 | . . 53 50 . . . . 81 . . 81 341 Shots Fired 255 | . . 95 56 . . . . 9 . . 17 78 Gun 194 | . . 89 56 . . . . . . . 6 43 Cannon 22 | . . . . . . . . 9 . . 1 12 Launcher 39 | . . 6 . . . . . . . . 10 23 Special . | . . . . . . . . . . . . . Kinetic 149 | . . 89 56 . . . . . . . . 4 Thermal 29 | . . . . . . . . . . . . 29 Explosive 29 | . . 6 . . . . . . . . 10 13 Electromagnetic 34 | . . . . . . . . 9 . . 1 24 Entropic 14 | . . . . . . . . . . . 6 8 Robot Hit Streak 20 | . . 20 14 . . . . 6 . . 11 18 Robot Miss Streak 3 | . . 2 2 . . . . 1 . . 1 3 Penetration Max . | . . . . . . . . . . . . . Secondary Targets 4 | . . 4 . . . . . . . . . . Max Gunslinging Chain 1 | . . 1 . . . . . . . . . . Shots Hit Robots 429 | . . 78 64 14 . 15 8 57 2 11 15 165 Core Hits 228 | . . 47 22 4 . 6 4 23 1 3 24 94 Critical Hits 9 | . . 2 . 1 . . . 1 . . . 5 Critical Kills 2 | . . 1 . . . . . . . . . 1 Critical Parts Destroyed 6 | . . 1 . 1 . . . 1 . . . 3 Melee Attacks 278 | . . . 22 20 . 17 13 64 2 12 . 128 Impact . | . . . . . . . . . . . . . Slashing 274 | . . . 22 20 . 17 13 64 2 8 . 128 Piercing . | . . . . . . . . . . . . . Sneak Attacks 14 | . . . 3 . . . . 4 . 4 . 3 Combat Hostiles 2 | . . . . . . . . . . . . 2 Follow-up Attacks 50 | . . . . 1 . 2 5 17 . 3 . 22 Damage Inflicted 17485 | . . 1668 1583 443 . 966 340 2396 277 178 1626 8008 Guns 2659 | . . 803 695 . . . . . . . 260 901 Cannons 406 | . . . . . . . . 143 . . 17 246 Explosions 4864 | . . 865 . . . . . . . . 1349 2650 Melee 9533 | . . . 884 443 . 966 340 2253 277 178 . 4192 Ramming 23 | . . . 4 . . . . . . . . 19 Kinetic 1547 | . . 803 695 . . . . . . . . 49 Thermal 1145 | . . . . . . . . . . . . 1145 Explosive 3785 | . . 865 . . . . . . . . 1349 1571 Electromagnetic 803 | . . . . . . . . 143 . . 17 643 Impact . | . . . . . . . . . . . . . Slashing 9533 | . . . 884 443 . 966 340 2253 277 178 . 4192 Piercing . | . . . . . . . . . . . . . Entropic 649 | . . . . . . . . . . . 260 389 Highest Corruption 10 | . . . . . . . . . . 4 8 10 Average Corruption 4 | . . . . . . . . . . 4 6 3 Corruption Purged . | . . . . . . . . . . . . . Effects 36 | . . . . . . . . . . 2 11 23 Message Errors 8 | . . . . . . . . . . 1 2 5 Matter Fused 7 | . . . . . . . . . . . 2 5 Heat Flow Errors 4 | . . . . . . . . . . . 1 3 Energy Discharges 5 | . . . . . . . . . . 1 1 3 Parts Rejected 1 | . . . . . . . . . . . . 1 Data Loss (minor) 5 | . . . . . . . . . . . 3 2 Targeting Errors 5 | . . . . . . . . . . . 1 4 Weapon Failures 1 | . . . . . . . . . . . 1 . Overload Shots . | . . . . . . . . . . . . . Overflow Damage 1226 | . . 21 135 4 . 273 13 193 128 . 27 432 Projectiles . | . . . . . . . . . . . . . Explosions 201 | . . 21 . . . . . . . . 27 153 Melee 1025 | . . . 135 4 . 273 13 193 128 . . 279 Knockbacks 1 | . . . . . . . . . . . . 1 Impact 1 | . . . . . . . . . . . . 1 Kinetic . | . . . . . . . . . . . . . Secondary . | . . . . . . . . . . . . . Self-Inflicted Damage 185 | . . 10 . . . . . . . . . 175 Shots 7 | . . 1 . . . . . . . . . 6 Rammed 5 | . . . . . . . . . . . . 5 Targets Rammed 11 | . . . 1 . . . . . . . . 10 Kicked 6 | . . . 1 . . . . . . . . 5 Crushed . | . . . . . . . . . . . . . Highest Temperature 313 | . . 77 . . . . . 313 . 1 84 255 Average Temperature 58 | . . 22 . . . . . 74 . 1 36 97 Received Heat Transfer 1285 | . . 174 261 . . 177 . 153 . . 55 465 Siege Activations . | . . . . . . . . . . . . . Robots Corrupted 2 | . . . . . . . . 1 . . . 1 Combat Hostiles 1 | . . . . . . . . . . . . 1 Parts Fried 2 | . . . . . . . . 1 . . . 1 Impact Corruptions . | . . . . . . . . . . . . . Robots Melted . | . . . . . . . . . . . . . Combat Hostiles . | . . . . . . . . . . . . . Parts Melted 2 | . . . . . . . . . . . . 2 Heat Transferred 1201 | . . . . . . . . . . . . 1201 Parts Sabotaged . | . . . . . . . . . . . . . Parts Stolen . | . . . . . . . . . . . . . Parts Stripped . | . . . . . . . . . . . . . Power Chain Reactions 1 | . . . . . . . . . . . . 1 Missiles Intercepted . | . . . . . . . . . . . . . Alert | -11 -10 -9 -8 -7 -6 -6 -6 -5 -5 -5 -4 -4 ------- Run | Scr Mat Mat Mat Fac Fac Low Low Fac Upp War Pro Fac Peak Influence 625 | . 15 625 450 264 26 . . 239 . . . 622 Initial 218 | . . 5 218 97 26 . . 49 . . . 20 Average 217 | . 6 421 313 171 26 . . 113 . . . 195 Maximum Alert Level 2 | . . 2 2 1 . . . 1 . . . 2 Low Security (%) 49 | . 100 22 . 52 100 . . 76 . . . 60 Level 1 34 | . . 7 76 47 . . . 23 . . . 32 Level 2 15 | . . 70 23 . . . . . . . . 6 Level 3 . | . . . . . . . . . . . . . Level 4 . | . . . . . . . . . . . . . Level 5 . | . . . . . . . . . . . . . High Security . | . . . . . . . . . . . . . Max Security . | . . . . . . . . . . . . . Squads Dispatched 18 | . . 5 1 . . . . 2 . . . 10 Investigation 3 | . . 1 . . . . . 1 . . . 1 Extermination 5 | . . . . . . . . 1 . . . 4 Reinforcement 10 | . . 4 1 . . . . . . . . 5 Assault . | . . . . . . . . . . . . . Garrison . | . . . . . . . . . . . . . Intercept . | . . . . . . . . . . . . . Construction Impeded 2 | . . 1 . . . . . . . . . 1 Haulers Reinforced . | . . . . . . . . . . . . . Stealth | -11 -10 -9 -8 -7 -6 -6 -6 -5 -5 -5 -4 -4 --------- Run | Scr Mat Mat Mat Fac Fac Low Low Fac Upp War Pro Fac Distress Signals 13 | . . 3 1 . . . . 1 . 2 . 6 Communications Jammed . | . . . . . . . . . . . . . Distress Signals . | . . . . . . . . . . . . . Times Spotted 214 | . 1 40 20 9 . 8 4 24 . 20 14 74 Peak Tracking Total 12 | . 2 10 3 7 . 4 4 5 . 12 5 9 Tactical Retreats 23 | . . 4 1 2 . 3 . 6 . . 1 6 Traps | -11 -10 -9 -8 -7 -6 -6 -6 -5 -5 -5 -4 -4 ------- Run | Scr Mat Mat Mat Fac Fac Low Low Fac Upp War Pro Fac Traps Triggered 2 | . . . . . . . . 1 . . . 1 Indirectly . | . . . . . . . . . . . . . Trap Hack Attempts . | . . . . . . . . . . . . . Triggered . | . . . . . . . . . . . . . Disarmed . | . . . . . . . . . . . . . Reprogrammed 6 | . . 6 . . . . . . . . . . Reused 1 | . . 1 . . . . . . . . . . Traps Extracted . | . . . . . . . . . . . . . Installed . | . . . . . . . . . . . . . Triggered 31 | . . 1 . . . . . . . 29 1 . Machines | -11 -10 -9 -8 -7 -6 -6 -6 -5 -5 -5 -4 -4 ---------- Run | Scr Mat Mat Mat Fac Fac Low Low Fac Upp War Pro Fac Machines Disabled 9 | . . 1 . . . . . . . . . 8 Max in Single Turn 5 | . . 1 . . . . . . . . . 5 Garrison Access 1 | . . . . . . . . 1 . . . . Machines Sabotaged . | . . . . . . . . . . . . . Garrisons Compromised . | . . . . . . . . . . . . . Overloaded Fab Kills . | . . . . . . . . . . . . . Fab Network Shutdowns . | . . . . . . . . . . . . . Hacking | -11 -10 -9 -8 -7 -6 -6 -6 -5 -5 -5 -4 -4 --------- Run | Scr Mat Mat Mat Fac Fac Low Low Fac Upp War Pro Fac Machines Accessed 14 | . . 2 6 1 . . . 2 . 2 . 1 Terminals 10 | . . 2 6 1 . . . . . . . 1 Fabricators 1 | . . . . . . . . 1 . . . . Repair Stations . | . . . . . . . . . . . . . Recycling Units . | . . . . . . . . . . . . . Scanalyzers . | . . . . . . . . . . . . . Garrison Access 1 | . . . . . . . . 1 . . . . Total Hacks 39 | . . 11 16 3 . . . 3 . 3 . 3 Successful 19 | . . 6 7 1 . . . 1 . 3 . 1 Failed 20 | . . 5 9 2 . . . 2 . . . 2 Catastrophic 5 | . . 1 2 . . . . 1 . . . 1 Database Lockouts . | . . . . . . . . . . . . . Manual 23 | . . 11 10 . . . . . . . . 2 Terminals 33 | . . 11 16 3 . . . . . . . 3 Fabricators 2 | . . . . . . . . 2 . . . . Repair Stations . | . . . . . . . . . . . . . Recycling Units . | . . . . . . . . . . . . . Scanalyzers . | . . . . . . . . . . . . . Garrison Access 1 | . . . . . . . . 1 . . . . Terminal Hacks 13 | . . 2 6 1 . . . . . 3 . 1 Record 3 | . . . . . . . . . . 2 . 1 Robot Analysis 3 | . . . 3 . . . . . . . . . Open Door 1 | . . . . . . . . . . 1 . . Level Access Points 1 | . . . 1 . . . . . . . . . Branch Access Points 1 | . . 1 . . . . . . . . . . Locate Traps 2 | . . . 1 1 . . . . . . . . Reprogram Traps 1 | . . 1 . . . . . . . . . . Hauler Manifests 1 | . . . 1 . . . . . . . . . Fabricator Hacks . | . . . . . . . . . . . . . Repair Station Hacks . | . . . . . . . . . . . . . Recycling Unit Hacks . | . . . . . . . . . . . . . Scanalyzer . | . . . . . . . . . . . . . Garrison Access Hacks 1 | . . . . . . . . 1 . . . . Seal Access 1 | . . . . . . . . 1 . . . . Unauthorized Hacks 5 | . . 4 1 . . . . . . . . . Terminals 5 | . . 4 1 . . . . . . . . . Assimilate 2 | . . 2 . . . . . . . . . . Botnet 2 | . . 1 1 . . . . . . . . . Disrupt 1 | . . 1 . . . . . . . . . . Fabricators . | . . . . . . . . . . . . . Repair Stations . | . . . . . . . . . . . . . Recycling Units . | . . . . . . . . . . . . . Scanalyzers . | . . . . . . . . . . . . . Garrison Access . | . . . . . . . . . . . . . Data Cores Recovered 2 | . . 1 1 . . . . . . . . . Used 1 | . . . 1 . . . . . . . . . Hacking Detections 11 | . . 2 6 1 . . . 1 . . . 1 Full Trace Events 3 | . . . 1 . . . . 1 . . . 1 Feedback Events . | . . . . . . . . . . . . . Feedback Blocked . | . . . . . . . . . . . . . Robot Schematics Acquired . | . . . . . . . . . . . . . Robots Built . | . . . . . . . . . . . . . Matter . | . . . . . . . . . . . . . Time . | . . . . . . . . . . . . . Total Robot Build Rating . | . . . . . . . . . . . . . Part Schematics Acquired . | . . . . . . . . . . . . . Parts Built . | . . . . . . . . . . . . . Matter . | . . . . . . . . . . . . . Time . | . . . . . . . . . . . . . Total Part Build Rating . | . . . . . . . . . . . . . Parts Repaired . | . . . . . . . . . . . . . Time . | . . . . . . . . . . . . . Parts Recycled . | . . . . . . . . . . . . . Recycled Matter . | . . . . . . . . . . . . . Retrieved Matter . | . . . . . . . . . . . . . Retrieved Components . | . . . . . . . . . . . . . Parts Scanalyzed . | . . . . . . . . . . . . . Part Schematics Acquired . | . . . . . . . . . . . . . Parts Damaged . | . . . . . . . . . . . . . Bothacking | -11 -10 -9 -8 -7 -6 -6 -6 -5 -5 -5 -4 -4 ------------ Run | Scr Mat Mat Mat Fac Fac Low Low Fac Upp War Pro Fac Used RIF Installer . | . . . . . . . . . . . . . Robots Hacked 3 | . . . . . . . . . . 3 . . Non-combat . | . . . . . . . . . . . . . Combat 3 | . . . . . . . . . . 3 . . Robot Hacks Applied 3 | . . . . . . . . . . 3 . . parse_system 3 | . . . . . . . . . . 3 . . Relay Couplers Released . | . . . . . . . . . . . . . Robots Rewired 4 | . . . . . . . . . . 4 . . Allies Hacked . | . . . . . . . . . . . . . Hacks Repelled . | . . . . . . . . . . . . . Allies | -11 -10 -9 -8 -7 -6 -6 -6 -5 -5 -5 -4 -4 -------- Run | Scr Mat Mat Mat Fac Fac Low Low Fac Upp War Pro Fac Total Allies 4 | . . . . . . . . . . 4 . . Largest Group 4 | . . . . . . . . . . 4 3 . Highest-Rated Group 190 | . . . . . . . . . . 190 141 . Highest-Rated Ally 49 | . . . . . . . . . . 49 49 . Total Orders 5 | . . . . . . . . . . . 2 3 EXPLORE 5 | . . . . . . . . . . . 2 3 Ally Attacks 26 | . . . . . . . . . . 9 17 . Total Damage 550 | . . . . . . . . . . 251 299 . Kills 5 | . . . . . . . . . . 3 2 . Allies Corrupted . | . . . . . . . . . . . . . Allies Melted . | . . . . . . . . . . . . . Intel | -11 -10 -9 -8 -7 -6 -6 -6 -5 -5 -5 -4 -4 ------- Run | Scr Mat Mat Mat Fac Fac Low Low Fac Upp War Pro Fac Robot Analysis Total 3 | . . . 3 . . . . . . . . . Derelict Logs Recovered 3 | . . . . . . 1 . . 1 . 1 . Drone Launches 8 | . . . . . . . . . . . 2 6 Drone Recoveries 6 | . . . . . . . . . . . 2 4 Exploration | -11 -10 -9 -8 -7 -6 -6 -6 -5 -5 -5 -4 -4 ------------- Run | Scr Mat Mat Mat Fac Fac Low Low Fac Upp War Pro Fac Turns Passed 8058 | . 134 688 859 442 108 514 199 1102 376 1509 427 1700 Spaces Moved 4521 | 1 107 352 484 276 78 371 128 528 259 869 253 815 Core 75 | . . . . . . . . . . . . 75 Treads 2 | . . . . . . . . . . . . 2 Legs 4442 | 1 107 352 484 276 78 371 128 528 259 869 253 736 Wheels . | . . . . . . . . . . . . . Hover . | . . . . . . . . . . . . . Flight 2 | . . . . . . . . . . . . 2 Fastest Speed 40 | 120 120 120 120 122 125 125 125 120 120 150 150 40 Average Speed 135 | 120 120 137 126 123 125 125 125 151 142 150 150 123 Slowest Speed 180 | 120 120 150 150 125 125 125 125 180 150 150 150 160 Overloaded Moves . | . . . . . . . . . . . . . Propulsion Burnouts . | . . . . . . . . . . . . . Robots Hopped . | . . . . . . . . . . . . . Cave-ins Triggered 1 | . . . . . . . . . . . 1 . Exploration Rate (%) 34 | 2 25 46 55 10 3 58 19 10 50 87 60 27 Regions Visited 12 Branch Regions 5 Pre-discovered Areas . | . . . . . . . . . . . . . Known Exits Taken 1 | . . . 1 . . . . . . . . . Unknown Exits Taken 11 | 1 1 1 . 1 1 1 1 1 1 1 1 . Scrap Searched 8 | . . . . . . 3 2 . 2 . 1 . Spaces Dug 11 | . . . . 2 . . . 3 . . . 6 Terrain Destroyed 261 | . . 58 . 2 . . . 3 . . 98 100 Melee 11 | . . . . 2 . . . 3 . . . 6 Projectile 1 | . . . . . . . . . . . 1 . AOE 249 | . . 58 . . . . . . . . 97 94 Terrain Rammed . | . . . . . . . . . . . . . Walls Destroyed . | . . . . . . . . . . . . . Machines Disabled . | . . . . . . . . . . . . . Actions | -11 -10 -9 -8 -7 -6 -6 -6 -5 -5 -5 -4 -4 --------- Run | Scr Mat Mat Mat Fac Fac Low Low Fac Upp War Pro Fac Total 5846 | . 115 483 661 353 88 396 153 756 263 1071 279 1228 Wait 440 | . . 10 87 39 8 5 15 86 3 35 4 148 Move 4509 | . 106 351 483 275 77 370 127 527 258 868 252 815 Hop . | . . . . . . . . . . . . . Pick Up 101 | . 1 17 7 3 . 3 . 40 . 20 . 10 Fast Attach 89 | . . 11 4 6 1 . 2 12 . 14 2 37 Attach 26 | . 1 . 1 1 1 . . 7 . 1 . 14 Detach 19 | . 1 1 . . 1 . . 6 . 1 . 9 Swap 60 | . 1 17 11 2 . 1 1 7 . 3 2 15 Drop 129 | . 5 26 18 10 . 4 2 25 . 15 1 23 Fire 159 | . . 50 28 . . . . 9 . . 18 54 Melee 197 | . . . 21 17 . 13 6 37 2 8 . 93 Ram . | . . . . . . . . . . . . . Kick 9 | . . . 1 . . . . . . . . 8 Crush 2 | . . . . . . . . . . . . 2 Escape Stasis . | . . . . . . . . . . . . . Rewire 106 | . . . . . . . . . . 106 . . Trap . | . . . . . . . . . . . . . Miscellaneous . | . . . . . . . . . . . . . Route ------- -11/Scrapyard -10/Materials (discovered 2 exits: *Mat / [*Min]) -9/Materials (discovered 3 exits: *Mat / *Min x2) -8/Materials (discovered 3 exits: *Fac x3) -7/Factory -6/Factory -6/Lower Caves -6/Lower Caves -5/Factory -5/Upper Caves (discovered 2 exits: [*Upp] / *War) -5/Warlord -4/Proximity Caves -4/Factory History --------- Turn | Location | Event 1 | -11/Scrapyard | Discovered new exit (range 0) 1 | -11/Scrapyard | Entered Materials 70 | -10/Materials | Discovered new exit (range 16) 91 | -10/Materials | Discovered new exit (range 14) 135 | -10/Materials | Entered another Materials area 135 | -9/Materials | Evolved 2 slots: Utility x2 282 | -9/Materials | Identified exit to Mines 350 | -9/Materials | Build established: Mutant 799 | -9/Materials | Discovered new exit (range 17) 823 | -9/Materials | Entered another Materials area 823 | -8/Materials | Evolved 2 slots: Propulsion x2 1198 | -8/Materials | Identified exit to Factory 1339 | -8/Materials | Build established: Scavenger-Mutant 1682 | -8/Materials | Entered Factory 1682 | -7/Factory | Evolved 2 slots: Propulsion x1, Weapon x1 1785 | -7/Factory | Build established: Mutant 2017 | -7/Factory | Discovered new exit (range 18) 2124 | -7/Factory | Entered another Factory area 2124 | -6/Factory | Evolved 2 slots: Weapon x2 2201 | -6/Factory | Discovered new exit (range 8) 2232 | -6/Factory | Entered Lower Caves 2244 | -6/Lower Caves | Attracted the attention of an 0b10 checkpoint 2359 | -6/Lower Caves | Learned Factory non-interactive machine intel 2706 | -6/Lower Caves | Discovered new exit (range 6) 2746 | -6/Lower Caves | Entered another Lower Caves area 2910 | -6/Lower Caves | Discovered new exit (range 9) 2945 | -6/Lower Caves | Entered Factory 2945 | -5/Factory | Evolved 2 slots: Utility x2 2946 | -5/Factory | Loaded intel: 261 non-interactive machine locations 3282 | -5/Factory | Build established: Hauler-Mutant 3724 | -5/Factory | Discovered new exit (range 8) 4047 | -5/Factory | Entered Upper Caves 4114 | -5/Upper Caves | Build established: Scavenger-Mutant 4407 | -5/Upper Caves | Discovered new exit (range 5) 4413 | -5/Upper Caves | A Derelict revealed a hidden shortcut to "reach the base" 4419 | -5/Upper Caves | Learned Factory security intel 4423 | -5/Upper Caves | Entered Warlord 4513 | -5/Warlord | Discovered new exit (range 8) 4936 | -5/Warlord | Visited the Vortex Lab 4949 | -5/Warlord | Warlord's base attacked by MAIN.C 4951 | -5/Warlord | Found Prototype Energy Gun 4951 | -5/Warlord | Identified Vortex Rifle 4954 | -5/Warlord | Found Vortex Rifle 5129 | -5/Warlord | Found Prototype Energy Gun 5129 | -5/Warlord | Identified Plasma Storm 5299 | -5/Warlord | Warlord forces counterattacked 5463 | -5/Warlord | Met Warlord 5624 | -5/Warlord | Warlord base infiltrated, sounded retreat 5625 | -5/Warlord | Enhanced Grunt warped into view 5625 | -5/Warlord | Enhanced Grunt warped into view 5625 | -5/Warlord | Enhanced Demolisher warped into view 5625 | -5/Warlord | Enhanced Demolisher warped into view 5794 | -5/Warlord | Spotted Executioner 5932 | -5/Warlord | Entered Proximity Caves 5932 | -4/Proximity Caves | Accompanied by 3 allies 6090 | -4/Proximity Caves | Crushed by falling debris 6104 | -4/Proximity Caves | Learned 12 Research zone layouts 6201 | -4/Proximity Caves | Attracted the attention of an 0b10 checkpoint 6237 | -4/Proximity Caves | Spotted B-86 Titan 6351 | -4/Proximity Caves | Discovered new exit (range 5) 6359 | -4/Proximity Caves | Entered Factory 6359 | -4/Factory | Evolved 2 slots: Utility x1, Weapon x1 6775 | -4/Factory | Lost 3 parts (1u2w) 7023 | -4/Factory | Build established: Hauler-Mutant 7390 | -4/Factory | Lost 9 parts (1p3u5w) 7547 | -4/Factory | Build established: Scavenger-Mutant 7670 | -4/Factory | Lost 3 parts (1n1u1w) 7800 | -4/Factory | Core integrity fell below 50% 7840 | -4/Factory | Lost 8 parts (1p4n1u2w) 7983 | -4/Factory | System corruption reached 10% 8018 | -4/Factory | Spotted B-86 Titan 8021 | -4/Factory | Core integrity fell below 20% 8055 | -4/Factory | Found Prototype Processor 8055 | -4/Factory | Identified Exp. Signal Interpreter 8059 | -4/Factory | Destroyed by G-67 Veteran with Plasma Rifle Last Messages --------------- 08028_ Flexi-carbon Leg destroyed. 08032_ Dropped Matter Neutralizer. 08033_ Dropped Imp. Light Armor Plating. 08034_ Dropped Mic. Fission Core. 08034_ U-05 Engineer builds a Door. 08035_ Recycling Unit disabled. 08036_ K-01 Serf collects debris. 08038_ Knocked back. 08038_ Penetrated by Slug. 08039_ K-01 Serf collects debris. 08042_ System corrupted: Energy discharge (-23). 08053_ K-01 Serf destroyed. 08054_ Acquired Impulse Thruster. 08055_ K-01 Serf collects debris. 08055_ Acquired Prototype Processor. 08055_ Identified Exp. Signal Interpreter. 08056_ K-01 Serf collects debris. 08057_ Acquired Impulse Thruster. 08058_ System corrupted: Impulse Thruster rejected. 08059_ Acquired Impulse Thruster. Map ----- +----------------------------------------------------+ | ?????????????????????????????????????????????????? | | ?????????????????????????????????????????????????? | | ?????????????????????????????????????????????????? | | ?????????????????????????????????????????????????? | | ?????????????????????????????????????????????????? | | ?????????????????????????????????????????????????? | | ?????????????????????????????????????????????????? | | ?????????????????????????????????????????????????? | | #????????????????????????????????????????????????? | | ????????????????????????????????????????????????? | | " ???????????????????????????????????????????????? | | " #??????????????????????????????????????????????? | | " #??????????????????????????????????????????????? | | " #??????????????????????????????????????????????? | | " #??????????????????????????????????????????????? | | " #??????????????????????????????????????????????? | | " #??????????????????????????????????????????????? | | " #??????????????????????????????????????""??????? | | " #???????????????????????????????????? ""??????? | | ???????????????????################## """ ???? | | ????????????????????# R ???? | | #################+### k ???? | | A k k k ??? | | R g k ??? | | g k t !%=!! = #?? | | ############### =@!! ??? | | ??????????????# k ! """ """ "????????? | | ??????????????# ##### """ """??????????? | | ??????????????# #???# """ ""???????????? | | ??????????????# #???# ?????????? | | ??????????????# #???# """ """ """ """ ?????????? | | ??????????????# #???# """ """ """ """ ?????????? | | ##????????????# #???# """ """ """ """ ?????????? | | #????????????# #???# ???????????? | | #????????????# #???# ???????????? | | #????????????# #???# ???????????? | | #????????????# #???#################""??????????? | | #????????????? ?????????????????????????????????? | | #????????????? ?????????????????????????????????? | | #????????????? ?????????????????????????????????? | | ##????????????? ?????????????????????????????????? | | ??????????????? ?????????????????????????????????? | | ???????????????/?????????????????????????????????? | | ??????????????? ?????????????????????????????????? | | ??????????????? ?????????????????????????????????? | | ??????????????? ?????????????????????????????????? | | ??????????????? ?????????????????????????????????? | | ?????????????????????????????????????????????????? | | ?????????????????????????????????????????????????? | | ?????????????????????????????????????????????????? | +----------------------------------------------------+ Best States ------------- Heat Dissipation 81 Energy Generation 21 Energy Capacity 325 Matter Stores 300 Matter Capacity 300 Sight Range 22 Terrain Scan Range 18 Terrain Scan Density 10 Armor Coverage 450 Resistance: KI 20 Resistance: TH 45 Resistance: EX 20 Resistance: EM 20 Resistance: I 20 Resistance: S 20 Resistance: P 20 Melee Speed Boost 20 Evasion (%) 50 Melee Accuracy 6 Core Analysis 8 Recoil Reduction 6 Salvage Targeting 4 Offensive Hacking 10 Item Schematics ----------------- None Robot Schematics ------------------ None Fabricated ------------ Nothing Alien Tech Used ----------------- None Achievements -------------- Packrat Challenges ------------ None Game ------ Seed NeutronImpactExoskeleton Manual? 0 Play Time 01:49:34 Cumulative 49.1 hours Start 2021.05.05 @ 22:14:29 End 2021.05.06 @ 21:25:05 Sessions 3 Manual Loads 0 Difficulty Adventurer Special Mode None Game No. 23 Rogue 1 Adventurer 22 Explorer 0 Win Type - Total 1 Types 1/0/0/0/0/0/0/0/0 Lore% 47 Gallery% 56 Achievement% 42 Wizard Run 0 Options --------- ASCII 0 Keyboard 0 Movement Vi Keybinds 0 Fullscreen 1 Font 14/Dina Map View 72x54 Tactical HUD 1 Map Filters NONE Filters NONE Steam 1 RUN: 09e11984-0b5c-4c6b-adee-f514a7a98bd5